 Dungeon Crawl Stone Soup version 0.25-a0-589-g1e14c54 (webtiles) character file.

Game seed: 822927854287463915, levelgen mode: deterministic

13717 robertstho the Protected (level 11, -4/104 HPs)
             Began as a Minotaur Berserker on Mar 9, 2020.
             Was an Elder of Trog.
             Slain by an orc warrior
             ... wielding a +0 mace
              (15 damage)
             ... on level 10 of the Dungeon.
             The game lasted 00:22:08 (8405 turns).

robertstho the Protected (Minotaur Berserker)       Turns: 8405, Time: 00:22:09

Health: -4/104     AC: 19    Str: 23    XL:     11   Next: 79%
Magic:  10/10      EV:  9    Int:  5    God:    Trog [****..]
Gold:   473        SH:  0    Dex: 11    Spells: 10/10 levels left

rFire    . . .     SeeInvis +   I - +2 halberd (flame)
rCold    . . .     Gourm    .   (shield currently unavailable)
rNeg     . . .     Faith    .   n - +0 plate armour
rPois    .         Spirit   .   (helmet restricted)
rElec    .         Reflect  .   k - +0 cloak
rCorr    .         Harm     .   (no gloves)
MR       ++...                  m - +0 pair of boots
Stlth    ..........             (no amulet)
HPRegen  1.27/turn              i - ring of see invisible
MPRegen  0.12/turn              e - ring of stealth

@: berserk cooldown, regenerating, hasted and slowed
A: retaliatory headbutt, horns 2
a: Berserk, Trog's Hand, Brothers in Arms, Renounce Religion


You were on level 10 of the Dungeon.
You worshipped Trog.
Trog was greatly pleased with you.
You were near starving.

You visited 2 branches of the dungeon, and saw 11 of its levels.

You collected 617 gold pieces.
You spent 144 gold pieces at shops.

Inventory:

Hand Weapons
 b - a +1 scimitar of flaming
 q - a +2 trident of venom
 I - a +2 halberd of flaming (weapon)
Armour
 f - a +1 pair of gloves of dexterity
 k - a +0 cloak (worn)
 m - a +0 pair of boots (worn)
 n - a +0 plate armour (worn)
 H - a +1 plate armour of magic resistance
 J - a +0 chain mail of fire resistance
Jewellery
 e - a ring of stealth (right hand)
 i - a ring of see invisible (left hand)
 z - an uncursed ring of ice {unknown}
Wands
 l - a wand of paralysis (2)
 s - a wand of disintegration (15)
 t - a wand of polymorph (17)
 A - a wand of digging (5)
 B - a wand of random effects (11)
Scrolls
 d - a scroll of blinking
 o - 5 scrolls of remove curse
 p - 3 scrolls of fog
 r - 6 scrolls of identify
 y - a scroll of immolation
 C - a scroll of magic mapping {unknown}
 D - a scroll of brand weapon {unknown}
 F - a scroll of vulnerability {unknown}
Potions
 a - a potion of cancellation
 g - 2 potions of heal wounds
 h - 3 potions of curing
 j - 3 potions of lignification
 u - 3 potions of haste
 v - 3 potions of flight
 w - 3 potions of brilliance
 x - a potion of mutation
 E - a potion of ambrosia {unknown}
Comestibles
 c - 30 rations
 G - 26 chunks of flesh


   Skills:
 * Level 12.0 Fighting
   Level 4.3(9.6) Axes
 + Level 12.9(13.2) Polearms
 * Level 13.0 Armour
 + Level 3.9 Dodging
 + Level 2.6 Stealth
 + Level 0.6 Unarmed Combat
 + Level 0.3 Evocations


You had 10 spell levels left.
You didn't know any spells.
Your spell library was empty.

Dungeon Overview and Level Annotations

Branches:
Dungeon (10/15)            Temple (0/1) D:4            Lair (1/6) D:8
    Orc (0/2) D:9

Altars:
Dithmenos
Elyvilon
Fedhas
Gozag
Hepliaklqana
Makhleb
Okawaru
Qazlal
Ru
Sif Muna
Vehumet
Wu Jian

Shops:
D:4 !   D:5 =   D:8 (

Annotations:
D:3 2 transporters
D:6 1 runed translucent door, EternalFade's ghost, amateur DEEE


Innate Abilities, Weirdness & Mutations

You reflexively headbutt those who attack you in melee.
You have a pair of horns on your head.


Message History

The weapon returns to the orc warrior!
Things that are here:
an arrow; a chain mail You feel a strong urge to attack something.
You are no longer berserk.
You are exhausted.
You feel yourself slow down.
The orc warrior hits you but does no damage.
You closely miss the orc warrior. You headbutt the orc warrior!
The orc warrior is heavily wounded.
The orc priest invokes the aid of Beogh against you.
Beogh smites you!
* * * LOW HITPOINT WARNING * * *
The orc warrior barely misses you.
Your plate armour prevents you from hitting the orc warrior.
The orc warrior is heavily wounded.
You barely miss the orc warrior.
The orc warrior is heavily wounded.
The orc warrior hits you with a +0 mace!
You die...

.....#..#..##†((##o##
#.#.#
##.#####.#####)###.#
#.#.# ..# ...(.
#...#h# #...# ..
#.....#..#..#o# ##..#
# #...#..o##$##.5#
#..# ..#.
...#..#..#(# #..#
..#. ...#.†)###.##
#..# .#####)###..#
##+# ....(...(@o.(#
####.#..$(...#
#...####### #.## #. .
..


You could see an orc warrior and an orc priest.

Vanquished Creatures
  Erica (Lair:1)
  2 centaur warriors (D:10)
  2 two-headed ogres (D:10)
  A deep elf mage (D:9)
  A cyclops (D:10)
  A faun (shapeshifter) (D:10)
  The ghost of CowFu the Insei, a novice DsGl of Qazlal (D:5)
  A troll (D:9)
  A hornet (D:9)
  Grinder (D:4)
  A queen bee (shapeshifter) (D:10)
  3 flying skulls
  A wyvern (D:10)
  A yak (D:10)
  A spriggan (D:7)
  2 wraiths (D:9)
  A shadow (D:9)
  5 orc warriors
  3 sky beasts
  A black bear (Lair:1)
  2 ice beasts
  A necrophage (D:9)
  2 phantoms
  3 ogres
  3 centaurs
  3 big kobolds
  4 bullfrogs
  A gnoll sergeant (D:10)
  2 scorpions
  2 wyvern skeletons (D:9)
  4 killer bees (D:7)
  11 wights
  4 howler monkeys
  3 crimson imps
  4 centaur zombies
  5 hounds
  2 jellies
  10 orc priests
  2 centaur skeletons
  A gnoll shaman (D:9)
  Jessica (D:2)
  6 iguanas
  15 orc wizards
  Terence (D:2)
  5 worker ants
  A killer bee zombie (D:9)
  3 hound skeletons
  2 worker ant zombies (D:9)
  Robin (D:2)
  2 howler monkey skeletons (D:10)
  11 gnolls
  16 adders
  A shadow imp (D:7)
  2 oozes
  2 adder zombies
  4 adder skeletons
  3 worms
  A dart slug (D:3)
  2 leopard geckos
  47 orcs
  9 bats
  7 giant cockroaches
  15 goblins
  9 hobgoblins
  3 jackals (D:4)
  20 kobolds
  7 quokkas
  A ball python (D:1)
  A frilled lizard (D:2)
  A quokka skeleton (D:7)
  23 rats
322 creatures vanquished.

Vanquished Creatures (collateral kills)
  Josephine (D:9)
  A skeletal warrior (D:9)
  A flying skull (D:9)
  2 wraiths (D:9)
  3 yaks (Lair:1)
  A water moccasin (D:10)
  A big kobold (D:9)
  A wyvern skeleton (D:9)
  2 wights (D:9)
  A bullfrog zombie (D:9)
  A centaur skeleton (D:9)
  2 bullfrog skeletons (D:9)
  A killer bee zombie (D:9)
  A hound skeleton (D:9)
  An adder zombie (D:9)
  4 orcs (D:9)
  2 kobolds (D:9)
26 creatures vanquished.

Vanquished Creatures (others)
  An unseen horror (D:10)
  A centaur (D:5)
2 creatures vanquished.

Grand Total: 350 creatures vanquished

Notes
Turn   | Place    | Note
-------+----------+-------------------------------------------
     0 | D:1      | robertstho the Minotaur Berserker began the quest for the
                  | Orb.
     0 | D:1      | Reached XP level 1. HP: 19/19 MP: 0/0
   298 | D:1      | Reached XP level 2. HP: 17/27 MP: 1/1
   554 | D:1      | Reached skill level 3 in Armour
   779 | D:2      | Noticed Terence
   792 | D:2      | Killed Terence
   792 | D:2      | Reached XP level 3. HP: 34/34 MP: 2/2
   826 | D:2      | Found an ornate altar of the Wu Jian Council.
   826 | D:2      | Found a burning altar of Makhleb.
   847 | D:2      | Found a shadowy altar of Dithmenos.
   847 | D:2      | Found a radiant altar of Vehumet.
   878 | D:2      | Reached ** piety under Trog
   889 | D:2      | Noticed Robin
   891 | D:2      | Reached XP level 4. HP: 32/41 MP: 3/3
   894 | D:2      | Killed Robin
   964 | D:2      | Reached skill level 5 in Fighting
  1218 | D:2      | Noticed Jessica
  1223 | D:2      | Killed Jessica
  1516 | D:2      | Reached XP level 5. HP: 48/48 MP: 4/4
  1532 | D:2      | Reached skill level 4 in Armour
  1648 | D:3      | Reached *** piety under Trog
  1666 | D:3      | Reached skill level 1 in Polearms
  1752 | D:3      | Found a transporter.
  1770 | D:3      | Reached XP level 6. HP: 50/56 MP: 5/5
  1918 | D:3      | Found a transporter.
  2089 | D:3      | Reached **** piety under Trog
  2216 | D:4      | Reached skill level 5 in Armour
  2273 | D:4      | Found a white marble altar of Elyvilon.
  2356 | D:4      | Found a blossoming altar of Fedhas.
  2411 | D:4      | Reached XP level 7. HP: 52/63 MP: 6/6
  2480 | D:4      | Found Ori Teav's Distillery.
  2487 | D:4      | Bought a potion of flight for 36 gold pieces
  2487 | D:4      | Bought a potion of degeneration for 12 gold pieces
  2487 | D:4      | Bought a potion of mutation for 96 gold pieces
  2504 | D:4      | Found a hazy altar of Hepliaklqana.
  2573 | D:5      | Entered Level 5 of the Dungeon
  2585 | D:5      | Reached skill level 5 in Polearms
  2590 | D:5      | Reached skill level 6 in Armour
  2599 | D:5      | Found a runed translucent door.
  2605 | D:5      | Noticed CowFu's ghost (novice DsGl)
  2618 | D:5      | Killed CowFu's ghost
  2618 | D:5      | Reached skill level 1 in Stealth
  2618 | D:5      | Reached XP level 8. HP: 71/71 MP: 7/7
  2758 | D:5      | Found a shimmering blue altar of Sif Muna.
  3008 | D:5      | Found Osits's Jewellery Shoppe.
  3012 | D:5      | Reached skill level 7 in Armour
  3103 | D:6      | You fall into a shaft and drop 3 floors!
  3121 | D:9      | Noticed a deep elf mage
  3127 | D:9      | Killed a deep elf mage
  3164 | D:9      | Reached skill level 8 in Armour
  3177 | D:9      | Noticed a flying skull
  3201 | D:8      | Found Diha's Weapon Shop.
  3206 | D:8      | Killed a flying skull
  3206 | D:8      | Reached XP level 9. HP: 33/80 MP: 8/8
  3353 | D:8      | Found a staircase to the Lair.
  3420 | D:8      | Noticed Erica
  3442 | Lair:1   | Entered Level 1 of the Lair of Beasts
  3681 | Lair:1   | Reached skill level 9 in Armour
  3702 | Lair:1   | Killed Erica
  4100 | D:8      | Found an opulent altar of Gozag.
  4144 | D:8      | Reached skill level 10 in Armour
  5102 | D:7      | Reached XP level 10. HP: 51/91 MP: 9/9
  5172 | D:6      | Found a runed translucent door.
  5177 | D:6      | Noticed EternalFade's ghost (amateur DEEE)
  5189 | D:6      | Found an iron altar of Okawaru.
  5798 | D:4      | Noticed Grinder
  5800 | D:4      | Found a staircase to the Ecumenical Temple.
  5813 | D:4      | Paralysed by Grinder for 6 turns
  5823 | D:4      | Killed Grinder
  6025 | D:4      | Reached skill level 10 in Polearms
  6366 | D:7      | Reached ***** piety under Trog
  6366 | D:7      | Received a gift from Trog
  6836 | D:9      | Found a stormy altar of Qazlal.
  6861 | D:9      | Found a staircase to the Orcish Mines.
  6926 | D:9      | Noticed Josephine
  6927 | D:9      | Noticed a skeletal warrior
  6938 | D:9      | Reached skill level 10 in Fighting
  6946 | D:9      | Killed a skeletal warrior
  6946 | D:9      | Reached skill level 11 in Armour
  6948 | D:9      | Killed Josephine
  7186 | D:9      | Reached XP level 11. HP: 50/101 MP: 10/10
  7443 | D:9      | Found a sacrificial altar of Ru.
  7452 | D:9      | Reached skill level 12 in Armour
  7504 | D:9      | Received a gift from Trog
  8070 | D:10     | Entered Level 10 of the Dungeon
  8245 | D:10     | Noticed a two-headed ogre
  8251 | D:10     | Killed a two-headed ogre
  8285 | D:10     | Noticed a centaur warrior
  8296 | D:10     | Killed a centaur warrior
  8327 | D:10     | Noticed a two-headed ogre
  8330 | D:10     | Killed a two-headed ogre
  8339 | D:10     | Noticed an unseen horror
  8382 | D:10     | Noticed a centaur warrior
  8388 | D:10     | Killed an unseen horror
  8394 | D:10     | Killed a centaur warrior
  8394 | D:10     | Reached skill level 13 in Armour
  8405 | D:10     | Slain by an orc warrior

Levels and vault maps discovered:
D:1:      nzn_arrival_depleted_hourglass, layout_loops_ring, minivault_5
D:2:      layout_loops_ring, chequers_temple_overflow_statue_of_worship,
          serial_forest, infiniplex_forest_lined_3,
          infiniplex_forest_straight_2, infiniplex_forest_clump_cross,
          infiniplex_forest_clump_tiny, infiniplex_forest_lined_room_3,
          infiniplex_forest_clump_tiny, infiniplex_forest_clump_tiny,
          minmay_rat_hole, uniq_jessica, uniq_terence, uniq_robin
D:3:      gammafunk_steamed_eel, layout_rooms, first_ration
D:4:      layout_layer_cave, kennysheep_mini_moat, lemuel_round_altar,
          minmay_temple_entry_drinking_statues, serial_shops,
          nicolae_shop_competitors_out_of_business,
          ebering_dispersal_statue_hall, fedhas_altar_1, uniq_grinder
D:5:      layout_cave_pools, serial_shops, nicolae_shop_trees,
          ebering_ghost_sewer_d, led_sif_book
D:6:      layout_cave_pools, okawaru_gym_becter, ebering_ghost_sewer_d,
          minmay_tree_intersection
D:7:      layout_basic, the_bakery, chequers_serial_rivers_room_b,
          hangedman_decor_peaks_small
D:8:      layout_basic, lair_entry_dummy, serial_shops, shop,
          grunt_gozag_statues, uniq_erica
D:9:      hangedman_screamer, layout_basic, nicolae_overflow_hidden_temple,
          lemuel_round_altar, hiddenorc1_lemuel
D:10:     minmay_the_grid_square_5x5_4x4
          [minmay_the_grid_square_5x5_doubleslash,
          minmay_the_grid_square_5x5_one_wall, minmay_the_grid_square_5x5_fat_x,
          minmay_the_grid_square_5x5_spiral, minmay_the_grid_square_5x5_shrine2,
          minmay_the_grid_square_5x5_prize_rear_guard,
          minmay_the_grid_square_5x5_prize_open,
          minmay_the_grid_square_5x5_gyroscope,
          minmay_the_grid_square_5x5_slash,
          minmay_the_grid_square_5x5_prize_junk,
          minmay_the_grid_square_5x5_prize_snowflake,
          minmay_the_grid_square_5x5_moneybag,
          minmay_the_grid_square_5x5_n_small,
          minmay_the_grid_square_5x5_spiral_small,
          minmay_the_grid_square_5x5_empty,
          minmay_the_grid_square_5x5_broken_cross], layout_basic,
          serial_park_tiny_2, minmay_misc_feat_square
Lair:1:   layout_cave_pods, st_stairs_4, nicolae_quartered_pool_super,
          beast_lair_carwin_1

Skill      XL: |  1  2  3  4  5  6  7  8  9 10 11 |
---------------+----------------------------------+-----
Fighting       | 4 5 6 7 9 10 12 | 12.0
Armour         | 3 4 5 6 8 10 11 13 | 13.0
Axes           | 4 |  4.3
Polearms       | 2 4 6 8 9 11 12 | 12.9
Stealth        | 1 2 |  2.6
Dodging        | 3 |  3.9
Unarmed Combat | |  0.6
Evocations     | |  0.3

Action                   |  1- 3 |  4- 6 |  7- 9 | 10-12 || total
-------------------------+-------+-------+-------+-------++-------
Melee: Hand axe          |    51 |    10 |       |       ||    61
       Headbutt          |     5 |    16 |    39 |    76 ||   136
       Unarmed           |    12 |       |       |       ||    12
       Trident           |       |   161 |   219 |   288 ||   668
       Punch             |       |       |     4 |       ||     4
       Halberd           |       |       |       |   149 ||   149
Invok: Berserk           |     1 |     2 |     5 |     4 ||    12
       Trog's Hand       |       |       |     4 |     2 ||     6
       Brothers in Arms  |       |       |     2 |     2 ||     4
Evoke: Wand              |       |       |     2 |       ||     2
  Use: Scroll            |     1 |    10 |     7 |     1 ||    19
       Potion            |       |     1 |     5 |     6 ||    12
 Stab: Invisible         |       |       |     5 |       ||     5
       Paralysed         |       |       |     2 |       ||     2
  Eat: Chunk             |     1 |     7 |     9 |    15 ||    32
       Ration            |       |       |     2 |       ||     2
Armor: Ring mail         |     7 |       |       |       ||     7
       Skin              |     4 |       |       |       ||     4
       Scale mail        |     3 |    16 |       |       ||    19
       Chain mail        |       |    37 |    87 |       ||   124
       Plate armour      |       |       |    18 |   211 ||   229
Dodge: Dodged            |    47 |    67 |    82 |   137 ||   333

Table legend:
 A = Non-vault XP
 B = Vault XP
 C = Vault XP percentage of total XP
 D = Non-vault monster count
 E = Vault monster count
 F = Vault count percentage of total count
                 A         B        C        D         E       F
            +---------+---------+-------+---------+---------+-------
      Total |    8868 |   10728 |  54.7 |     244 |     106 |  30.3
            +---------+---------+-------+---------+---------+-------
        D:1 |      26 |       0 |   0.0 |      17 |       0 |   0.0
        D:2 |      56 |     125 |  69.1 |      16 |      30 |  65.2
        D:3 |     333 |       0 |   0.0 |      41 |       0 |   0.0
        D:4 |     630 |     286 |  31.2 |      25 |       1 |   3.8
        D:5 |     339 |     496 |  59.4 |      12 |       5 |  29.4
        D:6 |     155 |       0 |   0.0 |       2 |       0 |   0.0
        D:7 |    1141 |     215 |  15.9 |      36 |       1 |   2.7
        D:8 |     782 |     228 |  22.6 |      23 |       1 |   4.2
        D:9 |    2837 |    3361 |  54.2 |      39 |      47 |  54.7
       D:10 |    2028 |    5057 |  71.4 |      28 |      20 |  41.7
     Lair:1 |     541 |     960 |  64.0 |       5 |       1 |  16.7
            +---------+---------+-------+---------+---------+-------
